 Dungeon Crawl Stone Soup version 0.26-a0-1181-gd376ed14c5 (webtiles) character file.

Game seed: 10586973622961945621

2256 sanka the Cleaver (level 9, -4/71 HPs)
             Began as a Ghoul Monk on Dec 26, 2020.
             Was a Believer of Makhleb.
             Slain by a hornet (11 damage)
             ... on level 7 of the Dungeon.
             The game lasted 00:12:36 (7073 turns).

sanka the Cleaver (Ghoul Monk)                      Turns: 7073, Time: 00:12:36

Health: -4/71      AC: 11    Str: 18    XL:     9   Next: 37%
Magic:  8/8        EV:  5    Int:  5    God:    Makhleb [**....]
Gold:   315        SH:  5    Dex: 11    Spells: 8/8 levels left

rFire    . . .     SeeInvis .   a - +0 war axe
rCold    + . .     Faith    .   (no shield)
rNeg     + + +     Spirit   .   l - +0 plate armour
rPois    ∞         Reflect  +   (no helmet)
rElec    .         Harm     .   (no cloak)
rCorr    .         Rampage  .   x - +0 pair of gloves (curse)
Will     .....                  (no boots)
Stlth    ..........             s - amulet of reflection
HPRegen  0.00/turn              (no ring)
MPRegen  0.11/turn              (no ring)

@: no status effects
A: claws 1, cold resistance 1, negative energy resistance 3, inhibited
regeneration, torment resistance, unbreathing
a: Renounce Religion, Minor Destruction


You were on level 7 of the Dungeon.
You worshipped Makhleb.
Makhleb was pleased with you.
You visited 2 branches of the dungeon, and saw 8 of its levels.

You collected 315 gold pieces.


Innate Abilities, Weirdness & Mutations

You thrive by killing the living.
You are immune to poison.
You have sharp fingernails.
Your flesh is cold resistant. (rC+)
You are immune to negative energy. (rN+++)
You do not regenerate when monsters are visible.
You are immune to unholy pain and torment.
You can survive without breathing.


   Skills:
 - Level 4.0 Fighting
 - Level 11.2 Axes
 - Level 2.6 Dodging
 - Level 2.1 Stealth
 + Level 0.0 Invocations


You had 8 spell levels left.
You didn't know any spells.
Your spell library was empty.

Inventory:

Hand Weapons
 a - a +0 war axe (weapon)
 y - a cursed +5 dire flail of freezing
Missiles
 e - 3 curare-tipped darts {=f}
 r - 18 poisoned darts (quivered)
Armour
 l - a +0 plate armour (worn)
 x - a cursed +0 pair of gloves (worn)
Jewellery
 s - an amulet of reflection (around neck)
Wands
 u - a wand of paralysis (1)
Scrolls
 d - 5 scrolls of teleportation {unknown}
 f - 3 scrolls of blinking {unknown}
 g - 8 scrolls of identify {unknown}
 m - 4 scrolls of amnesia {unknown}
 o - a scroll of enchant weapon {unknown}
 p - 2 scrolls of magic mapping {unknown}
 t - a scroll of enchant armour {unknown}
 w - 2 scrolls of random uselessness {unknown}
 z - a scroll of remove curse {unknown}
 A - a scroll of noise {unknown}
Potions
 b - 2 potions of resistance {unknown}
 c - a potion of mutation {unknown}
 h - a potion of berserk rage {unknown}
 i - 3 potions of heal wounds {unknown}
 j - a potion of haste {unknown}
 k - 2 potions of curing {unknown}
 n - 2 potions of might {unknown}
 q - 2 potions of lignification {unknown}
 v - a potion of brilliance {unknown}

Dungeon Overview and Level Annotations

Branches:
Dungeon (7/15)             Temple (1/1) D:7

Altars:
Ashenzari
Cheibriados
Dithmenos
Elyvilon
Fedhas
Gozag
Hepliaklqana
Kikubaaqudgha
Makhleb
Nemelex Xobeh
Okawaru
Qazlal
Ru
Sif Muna
Trog
Uskayaw
Vehumet
Wu Jian
Xom
Yredelemnul
Zin
The Shining One

Shops:
D:4 :

Annotations:
D:7 2 transporters, qborf's ghost, novice FoVM

▒ ▒.....▒▒▒▒▒.............
▒▒▒▒▒▒▒▒▒▒▒▒+▒............
..▒ ▒.....<▒.......▒
▒.▒▒▒▒▒▒▒▒..............▒
................▒....▒
..▒▒▒▒▒▒▒.......▒..>.▒.▒
..▒ ▒....▒.........▒ .▒▒
▒▒▒▒▒▒▒▒▒▒.▒▒▒▒▒▒ .▒
.......n......... .▒▒
.▒▒.£.▒.y..▒▒▒▒.. ..▒▒ ▒..
▒....▒ ▒..▒ ▒. ▒....▒
▒▒(▒▒ .. ▒▒..... ▒..▒ ..
▒...▒.. ▒▒▒.▒▒ . ▒...▒...
.....▒ ▒▒..▒ .. ▒▒...▒


You could see a hornet.


Message History

Aim: a hornet (lightly wounded)
The stone arrow hits the hornet.
The hornet is moderately wounded.
You block the hornet's attack.
You hit the hornet.
The hornet is heavily wounded.
The hornet stings you. The hornet stings you!
You barely miss the hornet.
The hornet is heavily wounded.
The hornet stings you.
You hit the hornet.
The hornet is heavily wounded.
The hornet stings you!
* * * LOW HITPOINT WARNING * * *
The hornet stings you but does no damage.
You slash the hornet!
The hornet is severely wounded.
The hornet stings you.
* * * LOW HITPOINT WARNING * * *
You hit the hornet but do no damage.
The hornet is severely wounded.
The hornet stings you!
* * * LOW HITPOINT WARNING * * *
You hit the hornet but do no damage.
The hornet is severely wounded.
The hornet stings you.
* * * LOW HITPOINT WARNING * * *
The hornet stings you!
You die...

Action                   |  1- 3 |  4- 6 |  7- 9 || total
-------------------------+-------+-------+-------++-------
Melee: Hand axe          |   102 |       |       ||   102
       War axe           |       |   149 |   271 ||   420
Throw: Dart              |       |       |     2 ||     2
Invok: Minor Destruction |       |       |     2 ||     2
Evoke: Wand              |       |       |     9 ||     9
 Stab: Sleeping          |     9 |       |       ||     9
       Paralysed         |       |       |     3 ||     3
Armor: Robe              |     9 |       |       ||     9
       Plate armour      |    12 |   131 |   121 ||   264
Dodge: Dodged            |    40 |    44 |    49 ||   133
Block: Other             |       |     8 |    44 ||    52

Levels and vault maps discovered:
D:1:      lightli_arrival_isolated_outpost, layout_basic, serial_forest,
          infiniplex_forest_corner_2, infiniplex_forest_clump_C,
          infiniplex_forest_lined_4_way, infiniplex_forest_straight_3,
          infiniplex_forest_straight_2, infiniplex_forest_zigzag_2, minivault_25
D:2:      layout_loops_cross
D:3:      layout_basic
D:4:      layout_cave_pools, serial_shops, shop, roderic_roman_lattice
D:5:      layout_loops_ring, gammafunk_ghost_split
D:6:      layout_loops_corners, uniq_menkaure, uniq_prince_ribbit1,
          uniq_blork_the_orc
D:7:      minmay_recursive_quarters, layout_basic, nicolae_gozag_seed_capital,
          gammafunk_ghost_arena
Temple:   kilobyte_greek_temple

Notes
Turn   | Place    | Note
-------+----------+-------------------------------------------
     0 | D:1      | sanka the Ghoul Monk began the quest for the Orb.
     0 | D:1      | Reached XP level 1. HP: 19/19 MP: 0/0
   239 | D:1      | Reached XP level 2. HP: 26/27 MP: 1/1
   332 | D:1      | Reached skill level 4 in Fighting
   912 | D:1      | Reached skill level 3 in Axes
  1306 | D:2      | Reached XP level 3. HP: 16/33 MP: 2/2
  2247 | D:3      | Reached skill level 4 in Axes
  2247 | D:3      | Reached XP level 4. HP: 40/40 MP: 3/3
  2688 | D:4      | Reached XP level 5. HP: 43/46 MP: 4/4
  2724 | D:4      | Found Siuhiac's Book Emporium.
  2752 | D:4      | Reached skill level 5 in Axes
  2908 | D:4      | Reached XP level 6. HP: 52/52 MP: 5/5
  3119 | D:4      | Reached skill level 6 in Axes
  3470 | D:5      | Entered Level 5 of the Dungeon
  3516 | D:5      | Reached XP level 7. HP: 57/59 MP: 6/6
  3552 | D:5      | Found a runed translucent gate.
  3567 | D:5      | Noticed Dracia's ghost (novice DsFi)
  3575 | D:5      | Found a runed translucent gate.
  3575 | D:5      | Found a runed translucent gate.
  3631 | D:5      | Killed Dracia's ghost
  3632 | D:5      | Reached skill level 7 in Axes
  3757 | D:5      | Reached skill level 8 in Axes
  3831 | D:5      | Reached XP level 8. HP: 52/66 MP: 7/7
  4422 | D:6      | Noticed Menkaure
  4431 | D:6      | Killed Menkaure
  4432 | D:6      | Reached skill level 9 in Axes
  5011 | D:6      | Reached skill level 10 in Axes
  5213 | D:5      | HP: 3/66 [wight/cursed +5 dire flail of freezing (12)]
  5883 | D:5      | Reached XP level 9. HP: 49/71 MP: 8/8
  6161 | D:6      | Noticed Prince Ribbit
  6200 | D:6      | Killed Prince Ribbit
  6255 | D:6      | Noticed Blork the orc
  6262 | D:6      | Killed Blork the orc
  6305 | D:6      | Reached skill level 11 in Axes
  6512 | D:7      | Found an opulent altar of Gozag.
  6629 | D:7      | Noticed qborf's ghost (novice FoVM)
  6642 | D:7      | Found a transporter.
  6651 | D:7      | Found a transporter.
  6861 | D:7      | Found a staircase to the Ecumenical Temple.
  6870 | Temple   | Entered the Ecumenical Temple
  7021 | Temple   | Became a worshipper of Makhleb the Destroyer
  7021 | Temple   | Reached * piety under Makhleb
  7021 | Temple   | Reached ** piety under Makhleb
  7058 | D:7      | Noticed a hornet
  7073 | D:7      | HP: 7/71 [hornet (6)]
  7073 | D:7      | Slain by a hornet

Vanquished Creatures
  The ghost of Dracia the Covered, a novice DsFi (D:5)
  Prince Ribbit (D:6)
  Menkaure (D:6)
  An orc warrior (D:6)
  2 ogres
  2 centaurs
  Blork the orc (D:6)
  2 bullfrogs (D:6)
  2 scorpions
  5 wights
  A howler monkey (D:6)
  A bullfrog zombie (D:6)
  2 orc wizards (D:6)
  3 orc priests
  5 hounds
  A bullfrog skeleton (D:4)
  An iguana (D:6)
  5 worker ants
  4 gnolls (D:5)
  5 adders
  A shadow imp (D:5)
  3 white imps
  2 adder zombies
  3 worms
  2 leopard geckos
  6 orcs
  7 bats
  2 giant cockroaches
  7 hobgoblins
  11 jackals
  4 kobolds
  6 quokkas
  7 frilled lizards
  8 goblins
  A jackal skeleton (D:5)
  2 leopard gecko skeletons
  9 rats
127 creatures vanquished.
